 Dungeon Crawl Stone Soup version 0.28-a0-1182-g381e24db82 (webtiles) character file.

Game seed: 18034510135322891922

991 AarnesTheHuman the Covered (level 8, -2/65 HPs)
             Began as a Formicid Fighter on Dec 17, 2021.
             Was a Follower of Zin.
             Slain by an orc warrior (14 damage)
             ... on level 6 of the Dungeon.
             The game lasted 00:08:48 (3931 turns).

AarnesTheHuman the Covered (Formicid Fighter)       Turns: 3931, Time: 00:08:48

Health: -2/65      AC: 10    Str: 22    XL:     8   Next: 42%
Magic:  9/9        EV:  9    Int:  9    God:    Zin [*.....]
Gold:   191        SH:  4    Dex: 10    Spells: 7/7 levels left

rFire   . . .      SeeInvis +   a - +2 hand axe (vorpal)
rCold   + . .      Faith    .   c - +0 buckler
rNeg    . . .      Spirit   .   e - +0 scale mail
rPois   .          Reflect  .   (helmet unavailable)
rElec   .          Harm     .   p - +0 cloak
rCorr   .          Rampage  .   l - +0 pair of gloves
Will    .....                   (no boots)
Stlth   ..........              x - amulet of regeneration
HPRegen 1.00/turn               q - ring of protection from cold
MPRegen 0.11/turn               (no ring)

@: no status effects
A: permanent stasis, dig shafts and tunnels, antennae 3, four strong arms
a: Dig, Shaft Self, Renounce Religion, Recite, Donate Gold


You were on level 6 of the Dungeon.
You worshipped Zin.
Zin was aware of your devotion.
You visited 2 branches of the dungeon, and saw 7 of its levels.

You collected 212 gold pieces.
You donated 21 gold pieces to Zin.

Inventory:

Hand Weapons
 a - a +2 vorpal hand axe (weapon)
 b - a +1 dagger of venom
 w - a +0 hunting sling
 E - a +0 war axe of protection
Missiles
 n - 138 stones
 s - 54 sling bullets
 t - 49 poisoned darts (quivered)
 A - a throwing net
 D - 4 javelins
Armour
 c - a +0 buckler (worn)
 e - a +0 scale mail (worn)
 l - a +0 pair of gloves (worn)
 p - a +0 cloak (worn)
Jewellery
 i - an amulet of magic regeneration
 q - a ring of protection from cold (left hand)
 x - an amulet of regeneration (around neck)
Wands
 y - a wand of flame (12)
Scrolls
 h - a scroll of enchant weapon
 m - a scroll of vulnerability {unknown}
 v - 2 scrolls of summoning
Potions
 d - 2 potions of might
 f - 2 potions of haste
 g - a potion of brilliance
 j - a potion of flight {unknown}
 k - 6 potions of curing
 o - 2 potions of attraction
 r - 3 potions of lignification {unknown}
 u - a potion of magic {unknown}
 z - a potion of berserk rage {unknown}


   Skills:
 + Level 6.5 Fighting
 + Level 5.4 Axes
 + Level 6.5 Armour
 - Level 3.8 Shields
 + Level 2.3 Invocations


You had 7 spell levels left.
You didn't know any spells.
Your spell library contained the following spells:

 Spells                   Type           Power      Damage    Failure   Level
 Corpse Rot               Necr/Air       0%         N/A       82%         2
 Poisonous Vapours        Pois/Air       0%         N/A       82%         2
 Gell's Gravitas          Tloc           0%         N/A       96%         3
 Teleport Other           Tloc           0%         N/A       96%         3
 Freezing Cloud           Conj/Ice/Air   0%         6-21      100%        5
 Dispersal                Tloc           0%         N/A       100%        6
 Simulacrum               Ice/Necr       0%         N/A       100%        6
 Polar Vortex             Ice            0%         N/A       100%        9


Dungeon Overview and Level Annotations

Branches:
Dungeon (6/15)             Temple (1/1) D:5

Altars:
Ashenzari
Cheibriados
Dithmenos
Elyvilon
Fedhas
Gozag
Hepliaklqana
Kikubaaqudgha
Makhleb
Nemelex Xobeh
Okawaru
Qazlal
Ru
Trog
Vehumet
Wu Jian
Xom
Yredelemnul
Zin
The Shining One

Shops:
D:1 :   D:3 (

Annotations:
D:3 1 runed translucent door, Crazy Yiuf


Innate Abilities, Weirdness & Mutations

You cannot be hasted, slowed, berserked, paralysed or teleported.
You can dig through walls and to a lower floor.
You have a pair of large antennae on your head. (SInv)
Your four strong arms can wield two-handed weapons with a shield.


Message History

The orc warrior is lightly wounded.
The orc warrior hits you with a +0 scimitar!
You hit the orc warrior.
The orc warrior is moderately wounded.
You completely miss the orc.
The orc warrior hits you with a +0 scimitar!
You barely miss the orc warrior.
The orc warrior is lightly wounded.
You hit the orc. You block the orc's attack.
The orc warrior hits you with a +0 scimitar!
You barely miss the orc.
The orc is almost dead.
You barely miss the orc warrior. The orc hits you with a +0 flail.
The orc warrior hits you with a +0 scimitar!
You are too injured to fight recklessly!
You are too injured to fight recklessly!
You are too injured to fight recklessly!
You miss the orc wizard. You hit the orc.
You kill the orc!
You hit the orc warrior but do no damage.
The orc warrior hits you with a +0 scimitar.
The orc wizard points at you and mumbles some strange words.
You easily resist.
You barely miss the orc warrior.
The orc warrior is lightly wounded.
You miss the orc wizard.
The orc warrior hits you with a +0 scimitar.
The orc wizard hits you but does no damage.
You slash the orc warrior!
The orc warrior is severely wounded.
You hit the orc wizard but do no damage.
The orc warrior hits you with a +0 scimitar!
* * * LOW HITPOINT WARNING * * *
The orc wizard mumbles some strange words.
The orc wizard flickers and vanishes for a moment.
You hit the orc warrior.
The orc warrior is almost dead.
You barely miss the orc wizard.
The orc warrior hits you with a +0 scimitar!
You die...

#.P....... #.P......
#.P..... #.P.... ....
.....# .... .o..# .#
..... #oo.#...# .....
#@).#...#
......#...#...###
......#$..#...... #
........###...###.#
................#.#
......_.....###...#
............#.#...#
###+#
........#.###.###.#
.....
.......#.#.#.#.....#.#


You could see an orc warrior, an orc wizard (invisible) and an orc.

Vanquished Creatures
  Eustachio (D:6)
  2 water moccasins (D:5)
  A sky beast (D:5)
  An ice beast (D:5)
  A water moccasin skeleton (D:4)
  A hound (D:5)
  A centaur zombie (D:5)
  A centaur skeleton (D:6)
  A jelly (D:6)
  An iguana (D:5)
  4 orc wizards (D:6)
  A hound skeleton (D:4)
  3 adders
  5 dart slugs
  11 orcs
  10 ball pythons
  4 bats
  2 endoplasms
  3 giant cockroaches
  4 goblins
  3 hobgoblins
  2 jackals (D:1)
  A quokka (D:1)
  2 frilled lizards (D:1)
  3 kobolds
  8 rats
77 creatures vanquished.

Vanquished Creatures (collateral kills)
  A scorpion (D:4)
1 creature vanquished.

Grand Total: 78 creatures vanquished

Notes
Turn   | Place    | Note
-------+----------+-------------------------------------------
     0 | D:1      | AarnesTheHuman the Formicid Fighter began the quest for the
                  | Orb.
     0 | D:1      | Reached XP level 1. HP: 18/18 MP: 1/1
    78 | D:1      | Reached XP level 2. HP: 23/24 MP: 2/2
   114 | D:1      | Found Tubaxul's Book Emporium.
   451 | D:1      | Reached XP level 3. HP: 29/29 MP: 3/3
  1211 | D:3      | Found a shadowy altar of Dithmenos.
  1388 | D:3      | Found a faded altar of an unknown god.
  1441 | D:3      | Reached XP level 4. HP: 35/37 MP: 4/4
  1465 | D:3      | Found Essor's Weapon Emporium.
  1764 | D:3      | Found a runed translucent door.
  1765 | D:3      | Noticed Crazy Yiuf
  1994 | D:4      | Found a blossoming altar of Fedhas.
  2109 | D:4      | Noticed a scorpion
  2120 | D:4      | Killed a scorpion
  2121 | D:4      | Reached XP level 5. HP: 21/43 MP: 5/5
  2766 | D:4      | Reached XP level 6. HP: 49/49 MP: 6/6
  2817 | D:5      | Entered Level 5 of the Dungeon
  2817 | D:5      | Noticed an ice beast
  2824 | D:5      | Killed an ice beast
  2825 | D:5      | Reached skill level 5 in Fighting
  2825 | D:5      | Reached skill level 5 in Armour
  2965 | D:5      | Identified the +1 robe of Guzeoschu {+Inv}
  2982 | D:5      | Found a hazy altar of Hepliaklqana.
  3019 | D:5      | Noticed a water moccasin
  3030 | D:5      | Killed a water moccasin
  3031 | D:5      | Reached XP level 7. HP: 45/56 MP: 7/7
  3119 | D:5      | Found a shimmering altar of Xom.
  3129 | D:5      | Noticed a water moccasin
  3145 | D:5      | Killed a water moccasin
  3384 | D:5      | Found a staircase to the Ecumenical Temple.
  3547 | Temple   | Entered the Ecumenical Temple
  3606 | Temple   | Became a worshipper of Zin the Law-Giver
  3606 | Temple   | Reached * piety under Zin
  3694 | D:6      | Reached skill level 5 in Axes
  3694 | D:6      | Reached XP level 8. HP: 51/64 MP: 8/8
  3733 | D:6      | Noticed Eustachio
  3750 | D:6      | Killed Eustachio
  3751 | D:6      | Reached skill level 1 in Invocations
  3898 | D:6      | Found a sacrificial altar of Ru.
  3931 | D:6      | Slain by an orc warrior

Illustrated notes

Levels and vault maps discovered:
D:1:      onia_arrival_pentagram, layout_rooms, serial_shops,
          nicolae_shop_crystal
D:2:      layout_loops_ring
D:3:      layout_loops_ring, grunt_dithmenos_smoke_and_mirrors,
          chequers_ecumenical_altar_grove, serial_shops, shop,
          uniq_crazy_yiuf_cottage
D:4:      layout_cave_pods, nicolae_overflow_crystal_walls, sigmund_army
D:5:      layout_basic, overflow_temple_1_default,
          nicolae_hepliaklqana_hazy_memory, minmay_temple_entry_enclosed_plants
D:6:      kennysheep_housing_project, layout_gridville,
          mainiacjoe_overflow_boulevard, minmay_a_box_with_orc_wizards_in_it,
          uniq_grinder, uniq_eustachio
Temple:   eino_wide_crystal_templ

Skill      XL: |  1  2  3  4  5  6  7  8 |
---------------+-------------------------+-----
Armour         | 4 5 6 |  6.5
Fighting       | 4 5 6 |  6.5
Axes           | 3 4 5 |  5.4
Invocations    | 2 |  2.3
Shields        | |  3.8

Action                   |  1- 3 |  4- 6 |  7- 9 || total
-------------------------+-------+-------+-------++-------
Melee: War axe           |   130 |    17 |       ||   147
       Hand axe          |       |    51 |    90 ||   141
Throw: Dart              |       |     4 |     2 ||     6
  Use: Scroll            |       |    13 |       ||    13
       Potion            |       |       |     1 ||     1
Armor: Scale mail        |    57 |    30 |    36 ||   123
Dodge: Dodged            |    64 |    29 |    41 ||   134
Block: Buckler           |    41 |    11 |    15 ||    67

Table legend: (Time is in decaauts)
 A = Elapsed time spent in this place.
 B = Non-inter-level travel time spent in this place.
 C = Inter-level travel time spent in this place.
 D = Time resting spent in this place.
 E = Time spent auto-exploring this place.
 F = Levels seen in this place.
 G = Mean time per level.
                   A        B        C        D        E       F      G
               +--------+--------+--------+--------+--------+-----+--------+
         Total |   3998 |   3747 |    251 |    101 |   2840 |   7 |  571.1 |
       Dungeon |   3931 |   3702 |    229 |    101 |   2810 |   6 |  655.2 |
        Temple |     66 |     44 |     22 |      0 |     30 |   1 |   66.0 |
               +--------+--------+--------+--------+--------+-----+--------+

Top non-repeatable levels by time:
     D:4: 884 daAuts
     D:3: 831 daAuts
     D:5: 754 daAuts
     D:2: 639 daAuts
     D:1: 556 daAuts
     D:6: 264 daAuts
  Temple: 66 daAuts
